 Dungeon Sprint DCSS version 0.21-a0-110-g8e1637b (webtiles) character file.

70 Kidiri the Sneak (level 4, -5/23 HPs)
             Began as a Spriggan Enchanter on July 9, 2017.
             Slain by a worker ant (6 damage)
             ... in the Dungeon (Sprint II: "The Violet Keep of Menkaure").
             The game lasted 00:00:43 (64 turns).

Kidiri the Sneak (Spriggan Enchanter)                 Turns: 64, Time: 00:00:43

Health: -5/23      AC:  2    Str:  4    XL:     4   Next: 3%
Magic:  7/11       EV: 21    Int: 16    God:
Gold:   0          SH:  0    Dex: 17    Spells: 11/12 levels left

rFire    . . .     SeeInvis +   a - +1 dagger
rCold    . . .     Gourm    .   (shield restricted)
rNeg     . . .     Faith    .   b - +0 robe
rPois    .         Spirit   .   (helmet restricted)
rElec    .         Reflect  .   (no cloak)
rCorr    .         Harm     .   (gloves unavailable)
MR       .....     NoTele   +   (boots unavailable)
Stlth    ++++......             (no amulet)
HPRegen  0.07/turn              (no ring)
MPRegen  0.12/turn              (no ring)

@: berserk cooldown, slowed, quick
A: unfitting armour, see invisible, herbivore 3, speed 3, slow metabolism 2
a: no special abilities


You were in the Dungeon.
You were not hungry.

You visited 1 branch

Inventory:

Hand Weapons
 a - a +1 dagger (weapon)
Armour
 b - a +0 robe (worn)
Scrolls
 j - a scroll of blinking
Potions
 g - a potion of haste
 h - 2 potions of magic
Books
 c - a book of Maledictions

   Spells                             Type                      Level
   a - Corona                         Hexes                        1
   b - Ensorcelled Hibernation        Hexes/Ice                    2
   c - Confuse                        Hexes                        3
   d - Tukima's Dance                 Hexes                        3
   e - Dazzling Spray                 Conjuration/Hexes            3
Comestibles
 d - a bread ration


   Skills:
 + Level 1.7 Fighting
 * Level 3.7 Short Blades
 + Level 1.4 Armour
 * Level 5.5 Dodging
 * Level 6.8 Stealth
 * Level 4.6 Spellcasting
 + Level 4.6 Hexes


You had 11 spell levels left.
You knew the following spells:

 Your Spells              Type           Power        Failure   Level  Hunger
a - Corona                Hex            ###....      2%          1    None


Dungeon Overview and Level Annotations

Branches:
Dungeon (1/1)

Altars:


Innate Abilities, Weirdness & Mutations

You are very small and have problems with some larger weapons.
You are too small for most types of armour.
You have supernaturally acute eyesight. (SInv)
You are a herbivore.
You cover ground extremely quickly.
You need consume almost no food.


Message History

The worker ant is outlined in light.
The worker ant misses you. The worker ant closely misses you.
You hit the worker ant but do no damage.
The worker ant is almost dead.
The worker ant closely misses you.
You hit the worker ant.
The worker ant is almost dead.
The worker ant misses you. The worker ant closely misses you.
You hit the worker ant but do no damage.
The worker ant is almost dead.
The worker ant barely misses you.
You hit the worker ant but do no damage.
The worker ant is almost dead.
The worker ant misses you.
You hit the worker ant but do no damage.
The worker ant is almost dead.
The worker ant bites you.
* * * LOW HITPOINT WARNING * * *
The worker ant bites you.
You die...

### ### #..
..# #.#.# #
#a# .##
###@##.w.#
#+.<.+#
#.##.##.w$#
#3 #+# .##
# ... #
..#m. ##.
.## ## ##


You could see a worker ant.

Vanquished Creatures
  3 worker ants (D)
3 creatures vanquished.

Notes
Turn   | Place    | Note
-------+----------+-------------------------------------------
     0 | D        | Kidiri the Spriggan Enchanter began the quest for the Orb.
     0 | D        | Reached XP level 1. HP: 9/9 MP: 5/5
     1 | D        | Noticed a merfolk siren
     4 | D        | Noticed a tyrant leech
     4 | D        | Noticed a tyrant leech
     7 | D        | Noticed a worker ant
     7 | D        | Noticed a worker ant
     7 | D        | Noticed a worker ant
     7 | D        | Noticed a worker ant
    10 | D        | Noticed a neqoxec
    24 | D        | Killed a worker ant
    24 | D        | Reached skill level 1 in Fighting
    24 | D        | Reached skill level 1 in Armour
    24 | D        | Reached skill level 5 in Stealth
    24 | D        | Reached XP level 2. HP: 14/14 MP: 5/7
    28 | D        | Reached skill level 5 in Dodging
    28 | D        | Reached skill level 6 in Stealth
    28 | D        | Reached XP level 3. HP: 18/18 MP: 5/9
    34 | D        | Reached XP level 4. HP: 17/23 MP: 5/11
    64 | D        | HP: 1/23 [worker ant (4)]
    64 | D        | Slain by a worker ant

Vault maps used:
D:        the_violet_keep_of_menkaure

Skill      XL: |  1  2 |
---------------+-------+-----
Fighting       | 1 |  1.7
Short Blades   | 2 3 |  3.7
Armour         | 1 |  1.4
Dodging        | 4 5 |  5.5
Stealth        | 5 6 |  6.8
Spellcasting   | 3 4 |  4.6
Hexes          | 4 |  4.6

Action                   |  1- 3 |  4- 6 || total
-------------------------+-------+-------++-------
Melee: Dagger            |    17 |    24 ||    41
 Cast: Corona            |       |     3 ||     3
  Use: Potion            |     1 |     2 ||     3
Armor: Robe              |     1 |       ||     1
Dodge: Dodged            |     7 |    33 ||    40
